 Dungeon Crawl Stone Soup version 0.30-a0-859-gf88a04b62d (webtiles) character file.

Game seed: 8570323919388856268

61 MacCMillion the Shooter (level 3, 0/18 HPs)
             Began as a Spriggan Hunter on Mar 6, 2023.
             Slain by an orc
             ... wielding a +0 flail
              (6 damage)
             ... on level 4 of the Dungeon.
             The game lasted 00:03:03 (1708 turns).

MacCMillion the Shooter (Spriggan Hunter)           Turns: 1708, Time: 00:03:04

Health: 0/18       AC:  5    Str:  7    XL:     3   Next: 83%
Magic:  4/4        EV: 18    Int: 10    God:
Gold:   60         SH:  0    Dex: 20    Spells: 2/2 levels left

rFire   . . .      SeeInvis +    a - +0 shortbow
rCold   . . .      Faith    .    (shield currently unavailable)
rNeg    . . .      Spirit   .    c - +0 robe
rPois   .          Reflect  .    (helmet restricted)
rElec   .          Rampage  .    h - +2 cloak
rCorr   .                        (gloves unavailable)
Will    .....                    (boots unavailable)
Stlth   +                        (no amulet)
HPRegen 0.23/turn                (no ring)
MPRegen 0.09/turn                (no ring)

@: confused, very quick
A: very small, no large weapons, unfitting armour, see invisible, speed 3
a: no special abilities


You were on level 4 of the Dungeon.
You visited 1 branch of the dungeon, and saw 4 of its levels.

You collected 60 gold pieces.

Inventory:

Hand Weapons
 a - a +0 shortbow (weapon)
Armour
 c - a +0 robe (worn)
 h - a +2 cloak (worn)
Jewellery
 m - an amulet of magic regeneration
Scrolls
 b - a scroll of immolation
 d - 3 scrolls of noise {unknown}
 f - 3 scrolls of magic mapping {unknown}
 g - 2 scrolls of identify {unknown}
 i - a scroll of silence {unknown}
 j - 2 scrolls of vulnerability {unknown}
 n - a scroll of amnesia {unknown}
 p - a scroll of torment {unknown}
 q - a scroll of fog {unknown}
 r - a scroll of summoning {unknown}
Potions
 e - 3 potions of curing
 k - a potion of flight {unknown}
 l - a potion of haste {unknown}
 o - a potion of mutation {unknown}
 s - a potion of might {unknown}
 t - a potion of heal wounds {unknown}
 u - a potion of brilliance


   Skills:
 - Level 1.5 Fighting
 + Level 4.9 Ranged Weapons
 - Level 2.6 Dodging
 - Level 4.0 Stealth


You had 2 spell levels left.
You didn't know any spells.
Your spell library was empty.

Dungeon Overview and Level Annotations

Branches:
Dungeon (4/15)
 Temple: D:4-7

Altars:

Shops:
D:1 :   D:3 [

Annotations:
D:3 1 runed translucent door, Crazy Yiuf


Innate Abilities, Weirdness & Mutations

You are very small and have problems with some larger weapons.
You are too small for most types of armour.
You have supernaturally acute eyesight. (SInv)
You cover ground extremely quickly. (Speed+++)


Message History

The slug dart misses you.
You shoot an arrow. The arrow hits the dart slug.
You kill the dart slug!
No target in view!
No target in view!
Key pressed, stopping explore.
There is a stone staircase leading down here.
Found a hammer.
Found a runed translucent door.
Crazy Yiuf shouts!
Unknown command.
Could not explore, unopened runed door.
No reachable target in view!
Press: ? - help, v - describe, . - travel
Here: Crazy Yiuf, wielding a +3 quarterstaff of chaos and wearing a +0 cloak (fire blocked by a runed translucent door)
The floor.
Unknown command.
Could not explore, unopened runed door.
Could not explore, unopened runed door.
You see here a dart slug corpse.
There is a stone staircase leading down here.
You climb downwards.
Found a sapphire potion and 25 gold pieces.
Found a stone staircase leading up.
There is a stone staircase leading up here.
You shoot an arrow. The arrow hits the orc wizard!
The orc wizard shouts!
The orc wizard is severely wounded.
The orc shouts!
The adder hisses angrily.
The orc wizard mumbles some strange words.
The orc wizard flickers and vanishes for a moment.
The orc priest looks satisfied for a moment.
You shoot an arrow. The arrow closely misses the orc.
The arrow closely misses the orc priest.
The orc wizard points at you and mumbles some strange words.
You are confused.
The orc priest mumbles some strange prayers to Beogh against you.
Beogh smites you!
Ouch! That really hurt!
The orc hits you with a +0 flail.
You die...

.....####.#
..........#
.$..o.....##
...........#
...........#
.....!.o<..#
....S..o...##
.......@....#
..........#..#
..........#
..........#
.........##
.........#
$.......##
##.....##


You could see an orc priest, an orc wizard (invisible), an adder and an orc.

Vanquished Creatures
  An adder (D:2)
  A worm (D:3)
  3 dart slugs
  4 orcs (D:3)
  2 bats
  3 endoplasms
  A giant cockroach (D:1)
  5 goblins
  A hobgoblin (D:1)
  3 jackals (D:2)
  2 quokkas (D:1)
  3 ball pythons
  3 frilled lizards
  2 kobolds (D:3)
  2 rats
36 creatures vanquished.

Notes
Turn   | Place    | Note
-------+----------+-------------------------------------------
     0 | D:1      | MacCMillion the Spriggan Hunter began the quest for the
                  | Orb.
     0 | D:1      | Reached XP level 1. HP: 10/10 MP: 2/2
    88 | D:1      | Found a faded altar of an unknown god.
   312 | D:1      | Found Caeji's Vocational Training.
   363 | D:1      | Reached XP level 2. HP: 14/14 MP: 3/3
   826 | D:2      | Reached XP level 3. HP: 18/18 MP: 4/4
  1355 | D:3      | Found Mautyept's Armour Shop.
  1435 | D:3      | Identified the +1 chain mail of Inevitability {Will+}
  1689 | D:3      | Found a runed translucent door.
  1690 | D:3      | Noticed Crazy Yiuf
  1708 | D:4      | Slain by an orc

Illustrated notes

Levels and vault maps discovered:
D:1:      noname_arrival_rooms_in_the_neighbourhood, layout_basic,
          ebering_ecumenical_altar_sacrificial, nicolae_shop_vocational
D:2:      layout_rooms
D:3:      layout_rooms, serial_shops, nicolae_shop_hallway_plus,
          minmay_misc_feat_cross, uniq_crazy_yiuf_cottage
D:4:      layout_cave_pods, nicolae_overflow_hallway_of_the_gods

Skill      XL: |  1  2  3 |
---------------+----------+-----
Stealth        | 2 3 4 |  4.0
Fighting       | |  1.5
Ranged Weapons | |  4.9
Dodging        | |  2.6

Action                     || total
---------------------------++-------
   Fire: Shortbow          ||    97
    Use: Potion            ||     2
 Armour: Robe              ||     5
  Dodge: Dodged            ||    23

Table legend: (Time is in decaauts)
 A = Elapsed time spent in this place.
 B = Non-inter-level travel time spent in this place.
 C = Inter-level travel time spent in this place.
 D = Time resting spent in this place.
 E = Time spent auto-exploring this place.
 F = Levels seen in this place.
 G = Mean time per level.
                   A        B        C        D        E       F      G
               +--------+--------+--------+--------+--------+-----+--------+
         Total |   1131 |   1106 |     25 |     25 |    838 |   4 |  282.8 |
       Dungeon |   1131 |   1106 |     25 |     25 |    838 |   4 |  282.8 |
               +--------+--------+--------+--------+--------+-----+--------+

Top non-repeatable levels by time:
     D:1: 411 daAuts
     D:2: 384 daAuts
     D:3: 332 daAuts
     D:4: 3 daAuts
